AoeStats
← paludoortiz

Arabia

510365566Analyzed
1v1 RM · 18h ago on Sep 30, 2026· 111m 9s· 2 players
Game mode
Random Map
Map size
Tiny (2 player)
Population
200
Speed
Normal
Resources
Standard
Victory
Conquest
Starting age
Dark Age
Ending age
Imperial Age
RankedLock teamsTeams togetherTeam positionsShared explorationLock speedFull tech treeHidden civsTurbo modeCheats
Victory
Defeat
🇺🇸 Bohemians · United States
505
+13
🇧🇷 Britons · Brazil
440
-13
paludoortiz
12:50 Feudal Age
14:12 Man-at-Arms
15:53 Wheelbarrow
15:07 Loom
19:43 Forging
21:35 Scale Mail Armor
25:09 Castle Age
26:21 Gold Mining
26:19 Double-Bit Axe
28:40 Horse Collar
32:06 Light Cavalry
33:36 Pikeman
34:02 Arson
34:24 Squires
34:30 Fletching
34:41 Padded Archer Armor
36:01 Stone Mining
39:22 Gold Shaft Mining
38:50 Heavy Plow
44:15 Imperial Age
42:41 Yeomen
44:37 Elite Longbowman
46:21 Bow Saw
47:22 Long Swordsman
47:26 Cavalier
48:07 Husbandry
50:06 Chemistry
49:56 Ballistics
49:23 Treadmill Crane
50:04 Masonry
49:53 Murder Holes
50:46 Hoardings
55:28 Warwolf
56:28 Two-Handed Swordsman
57:25 Scale Barding Armor
61:18 Champion
75:06 Chain Mail Armor
75:20 Leather Archer Armor
75:01 Bodkin Arrow
75:42 Iron Casting
75:28 Chain Barding Armor
81:29 Halberdier
93:44 Gambesons
EnemyOfGod
8:18 Loom
12:36 Feudal Age
15:49 Horse Collar
17:09 Man-at-Arms
18:09 Forging
18:03 Scale Mail Armor
20:13 Castle Age
18:15 Double-Bit Axe
20:58 Long Swordsman
24:53 Chain Mail Armor
26:13 Heavy Plow
36:51 Iron Casting
36:18 Padded Archer Armor
36:08 Fletching
44:50 Imperial Age
42:24 Squires
42:10 Arson
41:46 Pikeman
44:38 Chemistry
44:00 Ballistics
43:57 Leather Archer Armor
43:38 Bodkin Arrow
44:01 Leather Archer Armor
44:10 Fortified Wall
43:57 Murder Holes
46:03 Arrowslits
46:31 Masonry
47:17 Two-Handed Swordsman
48:35 Plate Mail Armor
49:06 Blast Furnace
49:47 Bow Saw
49:29 Champion
52:07 Guard Tower
58:49 Ring Archer Armor
58:19 Bracer
58:30 Wagenburg Tactics
58:34 Halberdier
86:17 Town Watch
87:10 Wheelbarrow
93:23 Two-Man Saw
Connection lost

Rejoining the realm…

Still unreachable

The connection could not be restored.

Session expired

The server has moved on; the page needs a fresh start.